 Dungeon Sprint DCSS version 0.24.0-41-g2ae2f7f1be (webtiles) character file.

Game seed: 17825655113157076962, levelgen mode: deterministic

1502 McKennaii the Carver (level 8, 0/69 HPs)
             Began as a Demonspawn Fighter on Dec 10, 2019.
             Was a Believer of Makhleb.
             Slain by a demonic crawler (6 damage)
             ... in the Dungeon (Sprint I: "Red Sonja").
             The game lasted 00:07:40 (1786 turns).

McKennaii the Carver (Demonspawn Fighter)           Turns: 1786, Time: 00:07:41

Health: 0/69       AC: 12    Str: 19    XL:     8   Next: 52%
Magic:  0/8        EV:  9    Int:  9    God:    Makhleb [**....]
Gold:   405        SH: 11    Dex: 13    Spells: 7/7 levels left

rFire    . . .     SeeInvis .   a - +0 long sword
rCold    . . .     Gourm    .   c - +0 shield
rNeg     . . .     Faith    .   b - +0 scale mail
rPois    .         Spirit   +   (helmet restricted)
rElec    .         Reflect  .   (no cloak)
rCorr    .         Harm     .   (no gloves)
MR       .....     NoTele   +   (no boots)
Stlth    ..........             (no amulet)
HPRegen  0.21/turn              (no ring)
MPRegen  0.11/turn              (no ring)

@: no status effects
A: antennae 1, iridescent scales 2, magic shield
a: Minor Destruction, Renounce Religion


You were in the Dungeon.
You worshipped Makhleb.
Makhleb was pleased with you.
You were not hungry.

You visited 1 branch You collected 405 gold pieces.

Inventory:

Hand Weapons
 a - a +0 long sword (weapon)
Armour
 b - a +0 scale mail (worn)
 c - a +0 shield (worn)
Wands
 m - a wand of digging (5)
Scrolls
 j - a scroll of amnesia {unknown}
Potions
 g - a potion of flight {unknown}
 h - a potion of haste
 i - 2 potions of magic
 l - a potion of brilliance {unknown}


   Skills:
 + Level 8.6 Fighting
 * Level 11.5 Long Blades
 + Level 8.8 Armour
 + Level 2.7 Dodging
 + Level 1.1 Stealth
 + Level 7.2 Shields


You had 7 spell levels left.
You didn't know any spells.
Your spell library was empty.

Dungeon Overview and Level Annotations

Branches:
Dungeon (1/1)

Altars:
Cheibriados
Dithmenos
Elyvilon
Fedhas
Gozag
Hepliaklqana
Kikubaaqudgha
Makhleb
Nemelex Xobeh
Okawaru
Qazlal
Ru
Sif Muna
Trog
Uskayaw
Vehumet
Wu Jian
Xom
Yredelemnul
Zin
The Shining One
Jiyva
Lugonu

Shops:
D %


Innate Abilities, Weirdness & Mutations

You have a pair of small antennae on your head.
You are mostly covered in iridescent scales. (AC +4)
When hurt, damage is shared between your health and your magic reserves.


Message History

The demonic crawler misses you.
You block the demonic crawler's attack. x3
The demonic crawler hits you.
* * * LOW HITPOINT WARNING * * *
The demonic crawler hits you but does no damage.
You closely miss the demonic crawler.
The demonic crawler is lightly wounded.
The demonic crawler misses you.
You riposte.
You hit the demonic crawler but do no damage.
The demonic crawler is lightly wounded.
The demonic crawler hits you!
* * * LOW HITPOINT WARNING * * *
The demonic crawler closely misses you. The demonic crawler barely misses you.
You block the demonic crawler's attack. x2
You feel better. The demonic crawler hits you.
* * * LOW HITPOINT WARNING * * *
The demonic crawler hits you.
* * * LOW HITPOINT WARNING * * *
The demonic crawler hits you but does no damage.
The demonic crawler hits you.
You die...

######################
#<.#.@s..#..'..#__#..)
#..')s#..'[.#..'^.'..#
#..#####'#####'#__####
#..####..#...#.####%?#
#..#__####..##.#≈§≈§
#..#_____##'#_.+§≈§
#⌠⌠#_.∩...'..._#§≈§.c
####_..__##_.#'##+###
#_____###+#.#


You could see 2 demonic crawlers.

Vanquished Creatures
  2 kobold demonologists (D)
  A demonic crawler (D)
  A slime creature (D)
  Sigmund (D)
  A yak (D)
  A floating eye (D)
  An ogre (D)
  A jelly (D)
  Ijyb (D)
10 creatures vanquished.

Notes
Turn   | Place    | Note
-------+----------+-------------------------------------------
     0 | D        | McKennaii the Demonspawn Fighter began the quest for the
                  | Orb.
     0 | D        | Reached XP level 1. HP: 18/18 MP: 1/1
     2 | D        | Noticed Ijyb
    18 | D        | Killed Ijyb
    18 | D        | Reached skill level 2 in Long Blades
    18 | D        | Gained mutation: You are partially covered in iridescent
                  | scales. (AC +2) [demonic ancestry]
    18 | D        | Reached XP level 2. HP: 24/25 MP: 2/2
    28 | D        | Noticed an ogre
    37 | D        | Killed an ogre
    37 | D        | Reached skill level 5 in Fighting
    37 | D        | Reached skill level 4 in Long Blades
    37 | D        | Reached skill level 5 in Armour
    37 | D        | Gained mutation: When hurt, damage is shared between your
                  | health and your magic reserves. [demonic ancestry]
    37 | D        | Reached XP level 3. HP: 7/33 MP: 3/3
    37 | D        | Gained mutation: You are mostly covered in iridescent
                  | scales. (AC +4) [demonic ancestry]
    37 | D        | Reached XP level 4. HP: 9/39 MP: 4/4
   277 | D        | Noticed Sigmund
   308 | D        | Killed Sigmund
   308 | D        | Reached skill level 6 in Long Blades
   308 | D        | Reached skill level 5 in Shields
   308 | D        | Reached XP level 5. HP: 4/47 MP: 1/5
   308 | D        | Gained mutation: You have a pair of small antennae on your
                  | head. [demonic ancestry]
   308 | D        | Reached XP level 6. HP: 5/53 MP: 1/6
   602 | D        | Found a burning altar of Makhleb.
   602 | D        | Found a viscous altar of Jiyva.
   602 | D        | Found a shimmering altar of Xom.
   602 | D        | Found a corrupted altar of Lugonu.
   602 | D        | Noticed a slime creature
   628 | D        | Killed a slime creature
   628 | D        | Reached skill level 8 in Long Blades
   628 | D        | Reached skill level 1 in Dodging
   670 | D        | Became a worshipper of Makhleb the Destroyer
   865 | D        | Found an ornate altar of the Wu Jian Council.
   865 | D        | Found a shimmering blue altar of Sif Muna.
   877 | D        | Found a radiant altar of Vehumet.
   925 | D        | Found Vaih's Food Emporium.
   925 | D        | Found an ancient bone altar of Kikubaaqudgha.
   925 | D        | Found a hazy altar of Hepliaklqana.
   925 | D        | Found a stormy altar of Qazlal.
   925 | D        | Found a hide-covered altar of Uskayaw.
   925 | D        | Found a blossoming altar of Fedhas.
   925 | D        | Found a bloodstained altar of Trog.
   925 | D        | Found an iron altar of Okawaru.
   925 | D        | Found a basalt altar of Yredelemnul.
   925 | D        | Found a glowing golden altar of the Shining One.
   925 | D        | Found a snail-covered altar of Cheibriados.
   925 | D        | Found a sacrificial altar of Ru.
   925 | D        | Found a glowing silver altar of Zin.
   925 | D        | Found a shadowy altar of Dithmenos.
   925 | D        | Found a white marble altar of Elyvilon.
   925 | D        | Noticed a yak
   934 | D        | Killed a yak
   934 | D        | Reached skill level 9 in Long Blades
   934 | D        | Reached XP level 7. HP: 47/61 MP: 5/7
   935 | D        | Found an opulent altar of Gozag.
   936 | D        | Found a sparkling altar of Nemelex Xobeh.
  1087 | D        | Noticed a centaur warrior
  1103 | D        | Noticed a kobold demonologist
  1103 | D        | Noticed a kobold demonologist
  1106 | D        | Paralysed by a floating eye for 2 turns
  1109 | D        | Reached * piety under Makhleb
  1109 | D        | Noticed a red devil
  1118 | D        | Killed a kobold demonologist
  1118 | D        | Reached skill level 10 in Long Blades
  1118 | D        | Reached skill level 1 in Stealth
  1127 | D        | Killed a kobold demonologist
  1127 | D        | Reached skill level 11 in Long Blades
  1127 | D        | Reached XP level 8. HP: 36/69 MP: 5/8
  1128 | D        | Noticed a demonic crawler
  1128 | D        | Noticed a demonic crawler
  1128 | D        | Noticed a demonic crawler
  1128 | D        | Noticed a demonic crawler
  1540 | D        | Killed a demonic crawler
  1540 | D        | Reached ** piety under Makhleb
  1786 | D        | Slain by a demonic crawler

Levels and vault maps discovered:
D:        dungeon_sprint_1 [red_sonja_temple_1, red_sonja_temple_small_1]

Skill      XL: |  1  2  3  4  5  6  7 |
---------------+----------------------+-----
Fighting       | 4 5 6 7 8 |  8.6
Long Blades    | 2 4 6 9 11 | 11.5
Armour         | 3 5 6 7 8 |  8.8
Shields        | 3 4 5 6 7 |  7.2
Dodging        | 1 2 |  2.7
Stealth        | 1 |  1.1

Action                   |  1- 3 |  4- 6 |  7- 9 || total
-------------------------+-------+-------+-------++-------
Melee: Long sword        |    23 |    47 |    50 ||   120
  Use: Potion            |       |     2 |     2 ||     4
       Scroll            |       |       |     1 ||     1
  Eat: Ration            |       |       |     1 ||     1
Armor: Scale mail        |     6 |    15 |    51 ||    72
Dodge: Dodged            |     8 |     8 |    33 ||    49
Block: Shield            |     6 |    11 |    46 ||    63
       Rpst.: Long sword |     1 |       |     4 ||     5
